[Event "Early-Titled-Tuesday-Blitz-September-12-2023"]
[Site "Chess.com"]
[Date "2023.09.12"]
[Round "8"]
[White "Goryachkina"]
[Black "TERMINATOR_PC"]
[Result "0-1"]
[WhiteElo "2653"]
[BlackElo "2551"]
[TimeControl "180+1"]
[EndTime "9:28:09 PDT"]
[Termination "TERMINATOR_PC won on time"]

1. e4 e5 2. Nc3 Nf6 3. d4 exd4 4. Qxd4 Nc6 5. Qd3 Bb4 6. Bd2 d6 7. O-O-O O-O 8. f3 Be6 9. g4 Ne5 10. Qe2 Bc4 11. Qg2 Bxf1 12. Qxf1 b5 13. Nxb5 Bxd2+ 14. Rxd2 Rb8 15. g5 Nh5 16. Nh3 f5 17. exf5 Qd7 18. Nd4 c5 19. Ne6 Rxf5 20. Nxc5 Qc6 21. Nb3 Rxf3 22. Qg2 Rxh3 23. Qxh3 Qxh1+ 24. Rd1 Qf3 25. Qe6+ Nf7 26. g6 hxg6 27. Qxg6 Nf4 0-1

[Event "Early-Titled-Tuesday-Blitz-September-12-2023"]
[Site "Chess.com"]
[Date "2023.09.12"]
[Round "8"]
[White "crazy_m_attack"]
[Black "hellokostya"]
[Result "0-1"]
[WhiteElo "2403"]
[BlackElo "2609"]
[TimeControl "180+1"]
[EndTime "9:28:09 PDT"]
[Termination "hellokostya won on time"]

1. e4 c5 2. Nf3 Nc6 3. d4 cxd4 4. Nxd4 Nf6 5. Nc3 e5 6. Nde2 Bc5 7. Ng3 d6 8. Na4 Bb4+ 9. c3 Ba5 10. Bd3 h6 11. b4 Bc7 12. O-O O-O 13. b5 Ne7 14. c4 Ng6 15. Nf5 Ne7 16. Nxe7+ Qxe7 17. Ba3 b6 18. Nc3 Be6 19. Nd5 Bxd5 20. cxd5 Nd7 21. Rc1 Nc5 22. Bxc5 dxc5 23. Qg4 Bd6 24. a4 g6 25. g3 Kg7 26. f4 h5 27. Qh3 Qf6 28. f5 Qg5 29. f6+ Kh7 30. Rce1 Qd2 31. Rd1 Qe3+ 32.
Kh1 c4 33. Bc2 Rad8 34. Qg2 Bc5 35. Rf3 Qg5 36. h4 Qh6 37. g4 hxg4 38. Qxg4 Rd6 39. Rh3 Qf4 40. Qxf4 exf4 41. e5 Rdd8 42. Rf3 Be3 43.
Rg1 Kh6 44. e6 Rxd5 0-1

[Event "Early-Titled-Tuesday-Blitz-September-12-2023"]
[Site "Chess.com"]
[Date "2023.09.12"]
[Round "8"]
[White "Shuvalov"]
[Black "sergeikim"]
[Result "0-1"]
[WhiteElo "2419"]
[BlackElo "2567"]
[TimeControl "180+1"]
[EndTime "9:28:14 PDT"]
[Termination "sergeikim won by resignation"]

1. d4 Nf6 2. c4 g6 3. Nc3 Bg7 4. e4 d6 5. Nf3 O-O 6. Be2 e5 7. O-O exd4 8. Nxd4 Re8 9. f3 Nbd7 10. Be3 c6 11.
Kh1 a5 12. Qd2 a4 13. Rad1 Qa5 14. Nc2 Re6 15. Nd4 Re8 16. Nc2 Bf8 17. Bf4 Ne5 18.
Rfe1 Nfd7 19. Bf1 Nc5 20. Bh6 Be7 21. Bg5 f6 22. Be3 Be6 23. Na3 Bf7 24. Be2 Bf8 25. f4 Ned7 26. Bf3 Nb6 27. Bd4 Bg7 28. Qe2 Qb4 29.
Rc1 Nxc4 30. Nxc4 Bxc4 31. Qd2 Nd3 32. Rb1 Nxe1 33. Qxe1 Bd3 34. Rd1 Qxd4 35. Be2 Qe3 36. Rxd3 Qxf4 37. Qd1 a3 38. b3 f5 39. exf5 Qxf5 40.
Bf1 Qf2 41. Rf3 Qe1 42. Qxd6 Bxc3 43. Qd7 Re7 44. Qd3 Bg7 45. h3 Rf8 46. Rxf8+ 0-1

[Event "Early-Titled-Tuesday-Blitz-September-12-2023"]
[Site "Chess.com"]
[Date "2023.09.12"]
[Round "8"]
[White "vedantgoswami"]
[Black "younix2022"]
[Result "1-0"]
[WhiteElo "2325"]
[BlackElo "2034"]
[TimeControl "180+1"]
[EndTime "9:28:15 PDT"]
[Termination "vedantgoswami won by resignation"]

1. c4 c5 2. Nc3 Nc6 3. e3 Nf6 4. Nf3 g6 5. d4 cxd4 6. exd4 d5 7. cxd5 Nxd5 8. Bc4 e6 9. Qb3 Nb6 10. Bg5 Be7 11.
Bxe7 Qxe7 12. O-O Nxc4 13. Qxc4 O-O 14. Rfe1 Qb4 15. Qxb4 Nxb4 16. Rad1 Rd8 17. a3 Nd5 18. Re5 f6 19. Re2 Kf7 20. Rde1 a6 21. Nd2 Nf4 22.
Re4 Nd3 23. R1e3 Nxb2 24. d5 e5 25. Rb4 Nd1 26. Nxd1 Rxd5 27. Rb2 Bf5 28. Nc3 Rd7 29. f3 Rad8 30. Nde4 Bxe4 31. fxe4 b5 32. a4 bxa4 33. Nxa4 Rd1+ 34. Kf2 Ra1 35. Nc3 g5 36. g4 a5 37.
Nd5 Rh1 38. Kg2 Rf1 39. Rb7+ Kg6 40. Kxf1 1-0

[Event "Early-Titled-Tuesday-Blitz-September-12-2023"]
[Site "Chess.com"]
[Date "2023.09.12"]
[Round "8"]
[White "Hikaru"]
[Black "jcibarra"]
[Result "1-0"]
[WhiteElo "3236"]
[BlackElo "2930"]
[TimeControl "180+1"]
[EndTime "9:28:16 PDT"]
[Termination "Hikaru won on time"]

1. a3 g6 2. e4 c5 3. b4 Bg7 4. c3 d6 5. Nf3 Nf6 6. d3 O-O 7. Nbd2 Nc6 8. Bb2 a6 9. Be2 Nh5 10. Rb1 Nf4 11. Bf1 f5 12. g3 Nh5 13. Bg2 f4 14. d4 cxd4 15. cxd4 Bg4 16. Qb3+ Kh8 17. d5 Ne5 18. Nxe5 dxe5 19. O-O b5 20. Rbc1 Qd7 21. Nf3 Bxf3 22. Bxf3 Qh3 23. Bg2 Qd7 24. Rc6 Rf6 25.
Rfc1 fxg3 26. hxg3 Raf8 27. R1c2 Rxc6 28. Rxc6 Qa7 29.
Rc5 Nf6 30. Bxe5 Qd7 31. Qc3 Qg4 32. f3 Qg5 33. Rc8 Kg8 34. Rxf8+ Bxf8 35. d6 Nd7 36.
Qb3+ 1-0

[Event "Early-Titled-Tuesday-Blitz-September-12-2023"]
[Site "Chess.com"]
[Date "2023.09.12"]
[Round "8"]
[White "Rakhmanov_Aleksandr"]
[Black "mishanick"]
[Result "0-1"]
[WhiteElo "2801"]
[BlackElo "3071"]
[TimeControl "180+1"]
[EndTime "9:28:16 PDT"]
[Termination "mishanick won on time"]

1. d4 Nf6 2. c4 e6 3. Nc3 d5 4. Bg5 c5 5. e3 cxd4 6. exd4 Be7 7. Nf3 h6 8. Bf4 Nc6 9. Bd3 dxc4 10. Bxc4 O-O 11.
O-O b6 12. Re1 Bb7 13. a3 Rc8 14. Ba2 Na5 15. Ne5 Nd5 16. Qg4 Nxf4 17. Qxf4 Bg5 18.
Qg4 Bd2 19. Nxf7 Rxf7 20. Qxe6 Qf8 21. Re2 Bxc3 22. bxc3 Ba6 23. Qxf7+ Qxf7 24. Bxf7+ Kxf7 25. Re3 Nc4 26. Rf3+ Kg6 27. a4 Re8 28. h4 Re7 29. Rf8 Bb7 30. Rd1 Bc6 31. d5 Bxa4 32. Rd4 Bb5 33.
d6 Rd7 34. h5+ Kh7 35. Rdf4 Nxd6 36. Rb8 Re7 37. Rff8 Ne8 0-1

[Event "Early-Titled-Tuesday-Blitz-September-12-2023"]
[Site "Chess.com"]
[Date "2023.09.12"]
[Round "8"]
[White "bescmelasti"]
[Black "cthulhuuu"]
[Result "1-0"]
[WhiteElo "2625"]
[BlackElo "2467"]
[TimeControl "180+1"]
[EndTime "9:28:16 PDT"]
[Termination "bescmelasti won on time"]

1. e4 d6 2. d4 Nf6 3. Nc3 c6 4. Nf3 Bg4 5. h3 Bh5 6. Bd3 e6 7. a4 d5 8. e5 Nfd7 9. g4 Bg6 10. a5 c5 11. Ne2 Nc6 12. a6 b6 13. c3 Be7 14.
Bb5 Rc8 15. Ng3 O-O 16. h4 Be4 17. Nxe4 dxe4 18. Ng5 cxd4 19. cxd4 Bb4+ 20. Ke2 Ndxe5 21. dxe5 Nd4+ 22. Ke3 Qd5 23. Ba4 Bc5 24. Nxe4 Qxe5 25. f4 Qd5 26. Nxc5 Qxc5 27. Qxd4 Qe7 28. b3 Rfd8 29. Ba3 1-0

[Event "Early-Titled-Tuesday-Blitz-September-12-2023"]
[Site "Chess.com"]
[Date "2023.09.12"]
[Round "8"]
[White "Actuary44"]
[Black "Vision_64"]
[Result "0-1"]
[WhiteElo "2505"]
[BlackElo "2371"]
[TimeControl "180+1"]
[EndTime "9:28:16 PDT"]
[Termination "Vision_64 won by resignation"]

1. e4 e6 2. d4 d5 3. Nc3 Nf6 4. e5 Ng8 5. f4 Nh6 6. Nf3 Nf5 7. Bd3 Nh4 8. O-O Nxf3+ 9. Qxf3 c5 10. dxc5 Bxc5+ 11.
Kh1 Nc6 12. Ne2 Bd7 13. a3 Qe7 14. b4 Bb6 15. Bb2 h5 16. f5 exf5 17. Nf4 Be6 18. Nxd5 Bxd5 19. Qxd5 O-O 20. Bxf5 Rad8 21. Qe4 Bd4 22.
Bxd4 Rxd4 23. Qf3 Qxe5 24. Rae1 Qd6 25. Qxh5 g6 26. Qg5 Kg7 27. Bd3 Rh8 28. h3 Rdh4 29.
b5 Rxh3+ 30. Kg1 Qd4+ 31. Re3 Rxe3 32. Rxf7+ Kxf7 33. Qxg6+ Ke7 34. Qg5+ Kd6 35. Qg6+ Re6+ 0-1

[Event "Early-Titled-Tuesday-Blitz-September-12-2023"]
[Site "Chess.com"]
[Date "2023.09.12"]
[Round "8"]
[White "CFalcons8"]
[Black "arenal72"]
[Result "0-1"]
[WhiteElo "2315"]
[BlackElo "2514"]
[TimeControl "180+1"]
[EndTime "9:28:16 PDT"]
[Termination "arenal72 won on time"]

1. e4 Nc6 2. d4 d5 3. exd5 Qxd5 4. c3 e5 5. dxe5 Qxd1+ 6. Kxd1 Nxe5 7. Bf4 Bd6 8. Nd2 Nf6 9. Bxe5 Bxe5 10. Ngf3 Bf4 11. Bd3 O-O 12. Kc2 Bg4 13. h3 Be6 14. g3 Bxd2 15. Nxd2 Rad8 16. g4 Rd7 17. Ne4 Rfd8 18. Nxf6+ gxf6 19. Rhd1 c5 20. c4 Rd4 21. b3 h5 22. f3 h4 23. Rd2 Kg7 24. Rad1 Kh6 25. Be4 Rxd2+ 26. Rxd2 Rxd2+ 27. Kxd2 b6 28. f4 Bd7 29.
Bd5 Kg7 30. Ke3 Be6 31. Bf3 f5 32. g5 f6 33. Bd5 Bd7 34. Kf3 Kg6 35. Ke3 fxg5 36.
fxg5 Kxg5 37. Kf3 Be8 38. Kf2 Kf4 39. a3 a5 40. Bf3 Ke5 41. Ke3 f4+ 42. Kf2 Bd7 43. Bg2 Kd4 0-1

[Event "Early-Titled-Tuesday-Blitz-September-12-2023"]
[Site "Chess.com"]
[Date "2023.09.12"]
[Round "8"]
[White "enestnrvrd"]
[Black "abhidabhi"]
[Result "0-1"]
[WhiteElo "2737"]
[BlackElo "2890"]
[TimeControl "180+1"]
[EndTime "9:28:18 PDT"]
[Termination "abhidabhi won by checkmate"]

1. Nf3 Nf6 2. d4 g6 3. g3 Bg7 4. Bg2 O-O 5. O-O d5 6. c4 c6 7. Nc3 dxc4 8. e4 b5 9. Qe2 a6 10. Rd1 Nbd7 11. e5 Nd5 12. e6 N7b6 13. exf7+ Rxf7 14. Ne5 Bxe5 15. Qxe5 Bg4 16. Re1 Qd6 17. a4 b4 18. a5 bxc3 19. axb6 cxb2 20. Bxb2 c3 21. Bxd5 Qxd5 22. b7 Raf8 23. Qxd5 cxd5 24. Bxc3 Rb8 25. Bd2 Rxb7 26. Bh6 Rb6 27. Rec1 Rf5 28. Rc8+ Kf7 29. Re1 g5 30. Rf8+ Kg6 31. Rxf5 Bxf5 32. Bf8 e6 33. Bc5 Rb3 34. Ra1 Bd3 35. f3 Bc4 36. Kf2 Rb2+ 37. Ke3 Rxh2 38. Rb1 Rg2 39. g4 Re2# 0-1

[Event "Early-Titled-Tuesday-Blitz-September-12-2023"]
[Site "Chess.com"]
[Date "2023.09.12"]
[Round "8"]
[White "GlavkonVVS"]
[Black "maracayo"]
[Result "1-0"]
[WhiteElo "2573"]
[BlackElo "2436"]
[TimeControl "180+1"]
[EndTime "9:28:20 PDT"]
[Termination "GlavkonVVS won on time"]

1. Nf3 d6 2. d4 Nf6 3. Bg5 Nbd7 4. Nbd2 e5 5. e3 Be7 6. Be2 e4 7. Ng1 d5 8. c4 c6 9. h4 a6 10. Nh3 h6 11. Bxf6 Bxf6 12. g3 b5 13. b3 Bb7 14.
Rc1 O-O 15. Nf4 Re8 16. cxd5 cxd5 17. O-O Qa5 18. Qc2 Rac8 19. Qb2 Be7 20. Nb1 Bd6 21. Bg4 Rxc1 22. Rxc1 Nf6 23. Bh3 Qd8 24. a3 Bxf4 25. exf4 e3 26. Re1 exf2+ 27. Qxf2 Ne4 28. Qe3 Bc8 29.
Bg2 Qa5 30. b4 Qa4 31. Nc3 Qxa3 32. Nxd5 Qxe3+ 33. Rxe3 f5 34. g4 Bb7 35. Nc3 Rc8 36.
Nxe4 Rc1+ 37. Kf2 fxe4 38. Bxe4 Bxe4 39. Rxe4 Rb1 40. d5 Rd1 41. Re5 Rd4 42. Ke3 Rxb4 43. d6 1-0

[Event "Early-Titled-Tuesday-Blitz-September-12-2023"]
[Site "Chess.com"]
[Date "2023.09.12"]
[Round "8"]
[White "secretsuperstar7"]
[Black "karinachess1"]
[Result "0-1"]
[WhiteElo "2425"]
[BlackElo "2612"]
[TimeControl "180+1"]
[EndTime "9:28:21 PDT"]
[Termination "karinachess1 won by checkmate"]

1. c4 e5 2. Nc3 d6 3. g3 f5 4. Bg2 Nf6 5. d4 Nc6 6. Nf3 Be7 7. O-O e4 8. Ne1 O-O 9. Rb1 a5 10. f3 exf3 11. exf3 d5 12. cxd5 Nxd5 13. Qb3 Be6 14. f4 Nxd4 15. Qc4 Nxf4 16. Qa4 Nxg2 17.
Nxg2 Bc5 18. Be3 Qf6 19. Rbd1 Rfd8 20. Kh1 b6 21. Nf4 Bf7 22. Rd2 Ne6 23. Rxd8+ Rxd8 24. Nxe6 Bxe6 25. Bxc5 bxc5 26. Rd1 Rxd1+ 27. Qxd1 Qd4 28. Qf3 Kf7 29. Qb7 Qd6 30. Kg1 h5 31. Nb5 Qd1+ 32.
Kf2 Qd2+ 33. Kf1 Bc4+ 34. Kg1 Qe1+ 35. Kg2 Qf1# 0-1

[Event "Early-Titled-Tuesday-Blitz-September-12-2023"]
[Site "Chess.com"]
[Date "2023.09.12"]
[Round "8"]
[White "jaskol95"]
[Black "Evgeny81"]
[Result "0-1"]
[WhiteElo "2546"]
[BlackElo "2739"]
[TimeControl "180+1"]
[EndTime "9:28:23 PDT"]
[Termination "Evgeny81 won by checkmate"]

1. d4 Nf6 2. Nc3 d5 3. Bf4 a6 4. e3 e6 5. a3 c5 6. Nf3 Bd6 7. dxc5 Bxf4 8. exf4 Qc7 9. Ne5 Qxc5 10. Bd3 Nc6 11. O-O O-O 12. Re1 Bd7 13. Qf3 Rad8 14. Qh3 g6 15. Rad1 Rfe8 16. Qh4 Qe7 17. Nf3 Nh5 18. Qg4 f5 19. Qg5 Qxg5 20. fxg5 d4 21. Na4 e5 22. Nc5 Bc8 23. Bc4+ Kf8 24. g3 e4 25. Nh4 Ng7 26. Ng2 b6 27. Nxa6 Ne5 28. Bb5 Nf3+ 29. Kf1 Nxh2+ 30. Ke2 Re5 31. a4 Nf3 32.
Rh1 d3+ 33. cxd3 Nd4+ 34. Ke3 Nxb5 35. axb5 Rxb5 36. dxe4 Rxd1 37. Rxd1 Bxa6 38. Nf4 Rb3+ 39.
Kd4 fxe4 40. Kxe4 Bb7+ 41. Ke5 Rb5+ 42. Kf6 Rf5# 0-1

[Event "Early-Titled-Tuesday-Blitz-September-12-2023"]
[Site "Chess.com"]
[Date "2023.09.12"]
[Round "8"]
[White "Zampronha1971"]
[Black "guillembaches"]
[Result "0-1"]
[WhiteElo "2338"]
[BlackElo "2532"]
[TimeControl "180+1"]
[EndTime "9:28:25 PDT"]
[Termination "guillembaches won by resignation"]

1. e4 d5 2. exd5 Qxd5 3. Nc3 Qa5 4. d4 Nf6 5. Nf3 Bf5 6. Bc4 e6 7. Qe2 Bb4 8. Bd2 c6 9. Ne5 Nbd7 10. g4 Nxe5 11. dxe5 Nxg4 12. Rg1 Nxe5 13. Rxg7 Nxc4 14. Qxc4 Bg6 15. O-O-O O-O-O 16. a3 Bxc3 17. Bxc3 Rxd1+ 18. Kxd1 Rd8+ 19. Kc1 Qf5 20. Qe2 Qd5 21. b3 Qh1+ 22. Kb2 Qxh2 23. Be5 Qh1 24. Bf6 Re8 25. Qe3 Kb8 26.
Qe5+ Ka8 27. Qa5 Qe4 28. Qd2 Qd5 29. Qxd5 exd5 30. c4 dxc4 31. bxc4 Kb8 32. Kc3 Kc8 33. Bd4 a6 34. a4 Kd7 35. a5 Ke6 36. Kd2 Kf5 37. Bc3 h5 0-1

[Event "Early-Titled-Tuesday-Blitz-September-12-2023"]
[Site "Chess.com"]
[Date "2023.09.12"]
[Round "8"]
[White "mmDarko"]
[Black "Nf3c5"]
[Result "0-1"]
[WhiteElo "2267"]
[BlackElo "2580"]
[TimeControl "180+1"]
[EndTime "9:28:27 PDT"]
[Termination "Nf3c5 won on time"]

1. d4 Nf6 2. Nf3 g6 3. g3 Bg7 4. Bg2 O-O 5. O-O d6 6. c4 c6 7.
Nc3 Qa5 8. e4 e5 9. d5 cxd5 10.
cxd5 Bd7 11. h3 Rc8 12. Ne1 Na6 13. Nd3 b5 14. Be3 b4 15. Ne2 Qb5 16. a4 bxa3 17.
Rxa3 Nb4 18. Nxb4 Qxb4 19. Qb3 a5 20. Qxb4 axb4 21. Rxa8 Rxa8 22. Nc1 Bb5 23. Re1 Ra1 24. f3 b3 25. Bf1 Ba4 26. Nd3 Ra2 27. Bd2 Nd7 28. Bc3 Bh6 29. Nb4 Nc5 30. Nxa2 bxa2 31. Ra1 Be3+ 32. Kg2 Bb3 33. Bb4 f5 34. Bxc5 Bxc5 35.
Be2 Bd4 0-1

[Event "Early-Titled-Tuesday-Blitz-September-12-2023"]
[Site "Chess.com"]
[Date "2023.09.12"]
[Round "8"]
[White "Kirill_Klukin"]
[Black "MrTattaglia"]
[Result "0-1"]
[WhiteElo "2756"]
[BlackElo "2911"]
[TimeControl "180+1"]
[EndTime "9:28:29 PDT"]
[Termination "MrTattaglia won on time"]

1. d4 Nf6 2. c4 c5 3. d5 b5 4. cxb5 a6 5. e3 g6 6. Nc3 Bg7 7. Nf3 O-O 8. a4 Qa5 9. Bd2 Qd8 10. Be2 axb5 11. axb5 Bb7 12. e4 e6 13. Rxa8 Bxa8 14. Qa1 Bb7 15. Qa7 Qc8 16. O-O exd5 17. exd5 Nxd5 18. Nxd5 Bxd5 19. Bc3 d6 20. Rd1 Qe6 21. Re1 Bxc3 22. bxc3 Bxf3 23. gxf3 c4 24. Qd4 d5 25. Qe3 Qf6 26. Rd1 Qe6 27. Bf1 Nd7 28. Qd4 Nf6 29.
Bg2 Rb8 30. Rb1 Qb6 31. Qd2 Re8 32. f4 Kg7 33. Bf3 h5 34. Kg2 Rd8 35. Qd4 Qxd4 36.
cxd4 Rb8 37. Kf1 c3 38. Be2 Ne4 39. Ke1 Re8 40. Rc1 Nd6 41. Kf1 Rc8 42. Rc2 Nf5 0-1

[Event "Early-Titled-Tuesday-Blitz-September-12-2023"]
[Site "Chess.com"]
[Date "2023.09.12"]
[Round "8"]
[White "IwkooO"]
[Black "GeorgiosSouleidis"]
[Result "1-0"]
[WhiteElo "2647"]
[BlackElo "2528"]
[TimeControl "180+1"]
[EndTime "9:28:29 PDT"]
[Termination "IwkooO won by resignation"]

1. e4 c5 2. Nf3 e6 3. d4 cxd4 4. Nxd4 Nf6 5. Nc3 Nc6 6. Ndb5 Bc5 7. Bf4 O-O 8. Bc7 Qe7 9. Bd6 Bxd6 10. Qxd6 Qd8 11.
Be2 a6 12. Nd4 Qb6 13. Nb3 Ne8 14. Qd2 d6 15. O-O Qc7 16. a4 b6 17. f4 Bb7 18.
Bf3 Nf6 19. Rad1 Rfd8 20. Kh1 Rac8 21. g4 d5 22. e5 Ne4 23. Bxe4 dxe4 24. Qe3 Nb4 25.
Rxd8+ Rxd8 26. Rf2 Qc4 27. Kg1 Qc6 28. Rd2 Rxd2 29.
Nxd2 Nxc2 30. Qe2 e3 31. Nde4 Nb4 32. Qxe3 Nd5 33. Qd2 h6 34. Nxd5 exd5 35. Nd6 Qc5+ 36. Kg2 Bc6 37. a5 d4+ 38. Kg3 bxa5 39. Nf5 Kf8 40.
Qxd4 Qxd4 41. Nxd4 Bd7 42. f5 Ke7 43. Kf4 Ba4 44. h4 Bd7 45. g5 hxg5+ 46. hxg5 Be8 47. Nb3 a4 48. Nc5 Bb5 49. Ke4 Kd8 50. e6 fxe6 51.
Nxe6+ Ke7 52. Nxg7 Bc6+ 53. Ke5 Bb5 54. g6 Bd3 55. Ne6 Bc2 56. f6+ 1-0

[Event "Early-Titled-Tuesday-Blitz-September-12-2023"]
[Site "Chess.com"]
[Date "2023.09.12"]
[Round "8"]
[White "supereagles1201"]
[Black "Dacean99"]
[Result "0-1"]
[WhiteElo "2384"]
[BlackElo "2535"]
[TimeControl "180+1"]
[EndTime "9:28:29 PDT"]
[Termination "Dacean99 won on time"]

1. c4 e5 2. g3 Nf6 3. Bg2 c6 4. Nf3 e4 5. Nd4 d5 6. d3 dxc4 7. dxe4 Bb4+ 8. Nc3 c5 9. Nb5 Qxd1+ 10. Kxd1 Na6 11. Nd6+ Ke7 12. e5 Ng4 13. Nd5+ Kf8 14.
Kc2 Nxe5 15. a3 Ba5 16. f4 Nc6 17. Nxc4 Nd4+ 18. Kd3 Bd8 19. b4 Bf5+ 20. e4 Bg4 21.
bxc5 Nb3 22. Rb1 Naxc5+ 23. Ke3 Be6 24. Bb2 b5 25. Ne5 Bxd5 26. exd5 Bb6 27. Kf3 Nd2+ 28. Kg4 h5+ 29. Kh3 Nxb1 30. Rxb1 Rd8 31. Bd4 a6 32.
Rc1 Na4 33. Bxb6 Nxb6 34. Rc6 Nd7 35. Rxa6 Nf6 36. Ra7 Rh7 37. Rxf7+ Kg8 38. Rb7 g5 39.
fxg5 Rxb7 40. gxf6 Ra7 41. f7+ Kf8 42. Bf3 Rd6 43.
Bxh5 Rxd5 44. Ng6+ Kxf7 0-1

[Event "Early-Titled-Tuesday-Blitz-September-12-2023"]
[Site "Chess.com"]
[Date "2023.09.12"]
[Round "8"]
[White "Fh2411"]
[Black "Iball95"]
[Result "0-1"]
[WhiteElo "2592"]
[BlackElo "2782"]
[TimeControl "180+1"]
[EndTime "9:28:30 PDT"]
[Termination "Iball95 won on time"]

1. d4 d5 2. Nf3 Nf6 3. c4 e6 4. Nc3 c5 5. cxd5 cxd4 6. Qxd4 Nxd5 7. Nxd5 exd5 8. e3 Nc6 9. Qa4 Bb4+ 10. Bd2 Bxd2+ 11.
Nxd2 O-O 12. Nf3 Qb6 13. Qb5 Nb4 14. Qxb6 axb6 15. Kd2 Nxa2 16. Nd4 Be6 17. Nc2 Rfc8 18. Bd3 Ra5 19. Rhb1 Kf8 20. b4 Ra4 21. Bb5 Raa8 22. Rb2 Nc3 23. Rxa8 Ne4+ 24. Kd3 Rxa8 25. f3 Nd6 26.
Nd4 Ra3+ 27. Kd2 Ke7 28. Bd3 g6 29. Kc2 Bd7 30. Kd2 Kd8 31. Rc2 Ba4 32. Rb2 b5 0-1

[Event "Early-Titled-Tuesday-Blitz-September-12-2023"]
[Site "Chess.com"]
[Date "2023.09.12"]
[Round "8"]
[White "MBA_CHESS_2021"]
[Black "ChessQueen"]
[Result "0-1"]
[WhiteElo "2158"]
[BlackElo "2716"]
[TimeControl "180+1"]
[EndTime "9:28:30 PDT"]
[Termination "ChessQueen won on time"]

1. e4 c6 2. d4 d5 3. e5 c5 4.
dxc5 e6 5. Nf3 Bxc5 6. Bd3 Ne7 7. O-O Ng6 8. Nc3 Nc6 9. Re1 a6 10. a3 Qb6 11. Qe2 Nd4 12. Nxd4 Bxd4 13. Kh1 Bxf2 14. Rf1 Bd4 15. Qh5 Qc7 16. Bxg6 fxg6 17. Qf3 Bxe5 18.
Bd2 Bf6 19. Nxd5 exd5 20. Rae1+ Kd8 21. Qxd5+ Bd7 22. Ba5 Rc8 23. Bxc7+ Rxc7 24. Rd1 Kc8 25. Rfe1 Rd8 26. c3 Bg4 27. Qb3 Bxd1 28. Rxd1 Re8 29. g3 Rce7 30. Qc4+ Kb8 31. Kg2 Re2+ 32. Kh3 R2e7 33. b4 Rc8 34. Qd5 Rxc3 35. Qd6+ Ka7 36. a4 Rc6 37. Qd5 Re5 38. Qd4+ Kb8 39. Qd3 Rce6 40. b5 axb5 41. axb5 Rb6 42. Rc1 Rexb5 0-1

[Event "Early-Titled-Tuesday-Blitz-September-12-2023"]
[Site "Chess.com"]
[Date "2023.09.12"]
[Round "8"]
[White "arminmusovic"]
[Black "Arteler"]
[Result "0-1"]
[WhiteElo "2553"]
[BlackElo "2440"]
[TimeControl "180+1"]
[EndTime "9:28:30 PDT"]
[Termination "Arteler won by resignation"]

1. a3 d5 2. Nc3 d4 3. Ne4 e5 4. Ng3 h5 5. e4 dxe3 6. fxe3 Nf6 7. Bc4 h4 8. N3e2 Bg4 9. h3 Bh5 10. d4 e4 11. c3 Nc6 12. Qb3 Na5 13. Qa2 Nxc4 14. Qxc4 Bd6 15. Qb5+ Qd7 16. Qxb7 O-O 17. Nf4 Qf5 18. Nge2 Bxe2 19. Nxe2 Qg5 20. O-O Nh5 21. Qxe4 Ng3 22. Nxg3 Qxg3 23. Qf3 Qh2+ 24. Kf2 Rae8 25. e4 Bg3+ 26. Ke2 Re6 27. Be3 Rf6 28. e5 Rxf3 29.
Kxf3 Bxe5 30. dxe5 Qg3+ 31. Ke4 Qxg2+ 32. Rf3 f5+ 33.
exf6 Re8+ 34. Kf4 g5+ 35. Kf5 Qxf3+ 36. Kg6 Qe4+ 37. Kh5 Qxe3 38. Rf1 Kf7 39. Rf5 Rh8+ 0-1

[Event "Early-Titled-Tuesday-Blitz-September-12-2023"]
[Site "Chess.com"]
[Date "2023.09.12"]
[Round "8"]
[White "Doomfist26"]
[Black "Khromkin"]
[Result "1-0"]
[WhiteElo "2618"]
[BlackElo "2427"]
[TimeControl "180+1"]
[EndTime "9:28:31 PDT"]
[Termination "Doomfist26 won on time"]

1. e4 c5 2. Nf3 Nc6 3. Bb5 g6 4.
O-O Bg7 5. c3 Nf6 6. Re1 O-O 7. h3 e5 8. d3 Re8 9. Nbd2 a6 10. Ba4 b5 11. Bb3 h6 12. Nf1 d5 13.
exd5 Nxd5 14. Ng3 Bb7 15. Ne4 Rc8 16. Nxc5 Ba8 17. Ne4 Nf4 18. Bxf4 exf4 19. Qd2 g5 20. Rad1 Rc7 21. Nc5 Na5 22. Nxa6 Nxb3 23. Rxe8+ Qxe8 24. Nxc7 Qc6 25. axb3 Qxc7 26. Qe2 Bf6 27. d4 Kg7 28. d5 Qd7 29. c4 h5 30. Ne5 Qf5 31. Re1 Bb7 32.
Qe4 Qc8 33. Nc6 Bxb2 34. Ne7 Qc5 35. Nf5+ Kf6 36. Qe7+ Qxe7 37. Nxe7 bxc4 38. bxc4 Bc3 39. Rb1 1-0

[Event "Early-Titled-Tuesday-Blitz-September-12-2023"]
[Site "Chess.com"]
[Date "2023.09.12"]
[Round "8"]
[White "Sjakkerntobi"]
[Black "AsselLesbekova"]
[Result "1/2-1/2"]
[WhiteElo "2531"]
[BlackElo "2353"]
[TimeControl "180+1"]
[EndTime "9:28:32 PDT"]
[Termination "Game drawn by repetition"]

1. f4 d5 2. Nf3 c5 3. g3 Nc6 4.
Bg2 g6 5. O-O Bg7 6. d3 Nh6 7.
e4 dxe4 8. dxe4 Qxd1 9. Rxd1 Nd4 10. Nxd4 Bxd4+ 11. Kf1 Ng4 12. h3 Ne3+ 13. Bxe3 Bxe3 14. Nc3 Be6 15. Ke2 Bd4 16. Kf3 O-O-O 17. Bf1 Bxc3 18. bxc3 h5 19. a3 Kc7 20. Ke3 Kc6 21. Bg2 Kc7 22. Rab1 b6 23. Rd3 Bc4 24. Rdd1 Ba2 25.
Ra1 Bc4 26. Bf3 Be6 27. h4 Bc4 28. Rxd8 Rxd8 29. Rd1 Rxd1 30. Bxd1 Kd6 31. g4 hxg4 32. Bxg4 b5 33. e5+ Kd5 34. Bd7 a6 35. e6 Kd6 36.
exf7 Bxf7 37. Bc8 a5 38. f5 e6 39. fxg6 Bxg6 40. Ba6 Kc6 41. Kd2 Kb6 42. Bc8 Bf5 43. h5 Kc7 44. Ba6 Kb6 45. Bc8 Kc7 46. Ba6 Kb6 47.
Bc8 1/2-1/2

[Event "Early-Titled-Tuesday-Blitz-September-12-2023"]
[Site "Chess.com"]
[Date "2023.09.12"]
[Round "8"]
[White "Chaos_Magic"]
[Black "1995Tiger"]
[Result "1-0"]
[WhiteElo "2376"]
[BlackElo "2177"]
[TimeControl "180+1"]
[EndTime "9:28:33 PDT"]
[Termination "Chaos_Magic won on time"]

1. d4 c6 2. Nf3 d5 3. c4 Nf6 4.
Nbd2 Bf5 5. Nh4 Bg6 6. Qb3 Qb6 7. Qh3 e6 8. Nxg6 fxg6 9. Qxe6+ Be7 10. e3 Nbd7 11.
Be2 Nf8 12. Qh3 Bb4 13. O-O Bxd2 14. Bxd2 Qxb2 15. Rfd1 Qa3 16. Rab1 Qe7 17. Bb4 Qd7 18. Qh4 Ne6 19. Bf3 g5 20. Qg3 Kf7 21. Rdc1 Rhc8 22. h3 Kg8 23. Qe5 Re8 24. Qg3 Ne4 25.
Bxe4 dxe4 26. Qg4 a5 27. Ba3 b5 28. Qxe4 b4 29. Bb2 Nf4 30. Qc2 Nxh3+ 31. gxh3 Qxh3 32. Qe2 Re4 33. f3 Qg3+ 34. Qg2 Qxg2+ 35. Kxg2 Rxe3 36. Re1 Rae8 37. Kf2 Rxe1 38. Rxe1 Rf8 39.
Kg3 1-0

[Event "Early-Titled-Tuesday-Blitz-September-12-2023"]
[Site "Chess.com"]
[Date "2023.09.12"]
[Round "8"]
[White "Zarinur"]
[Black "benny_aizenberg"]
[Result "0-1"]
[WhiteElo "2506"]
[BlackElo "2630"]
[TimeControl "180+1"]
[EndTime "9:28:36 PDT"]
[Termination "benny_aizenberg won on time"]

1. e4 g5 2. d4 g4 3. Qxg4 d5 4. Qe2 dxe4 5. Qxe4 Nf6 6. Qd3 Bg7 7. Nf3 c5 8. dxc5 Qa5+ 9. Qc3 Qc7 10. Na3 O-O 11. Nb5 Qd8 12. Bd3 Na6 13. O-O Ne4 14. Qc4 Nexc5 15. Rd1 Nxd3 16. Rxd3 Qb6 17. Be3 Qg6 18.
Bd4 Be6 19. Qa4 Rfc8 20. Ne5 Bxe5 21. Bxe5 Nc5 22. Qh4 Nxd3 23. cxd3 Rc5 24. Nc7 Rc8 25. Qd4 Rc6 26. h4 f6 27. Bg3 Bf7 28. Kh2 e5 29.
Qd7 R6xc7 30. Qh3 Qxd3 31. h5 Qd7 32. Qh4 Qf5 0-1

[Event "Early-Titled-Tuesday-Blitz-September-12-2023"]
[Site "Chess.com"]
[Date "2023.09.12"]
[Round "8"]
[White "Biregina"]
[Black "profedechess93"]
[Result "0-1"]
[WhiteElo "2433"]
[BlackElo "2648"]
[TimeControl "180+1"]
[EndTime "9:28:37 PDT"]
[Termination "profedechess93 won by resignation"]

1. d4 d5 2. Bf4 Nf6 3. e3 a6 4.
Nd2 c5 5. dxc5 e6 6. Nb3 Nbd7 7.
Qd4 Nb8 8. Bxb8 Rxb8 9. c4 b6 10.
cxb6 Bb4+ 11. Kd1 dxc4 12. Qxd8+ Kxd8 13. Bxc4 Ke7 14. Nf3 Rxb6 15. Ke2 Bb7 16. Rhd1 h6 17. Rac1 Be4 18. Bd3 Bd5 19. Bc4 Be4 20. Nbd2 Bb7 21. a3 Bd6 22. Rc2 Rb8 23. Bd3 Bxf3+ 24. gxf3 Rxb2 25. Rxb2 Rxb2 26. a4 Nd5 27. Rc1 Bb4 28.
Rc2 Nc3+ 29. Kf1 Nxa4 30. Rxb2 Nxb2 31. Nb3 Nxd3 32. Ke2 Nc5 33. Nd4 Kd7 34. e4 Bc3 35. Nc2 a5 36. Ke3 e5 37. Na3 a4 38. Nc4 Kc6 39. Ke2 Kb5 40. Nd6+ Kb4 41. Kd1 a3 42. Kc1 a2 43. Kc2 a1=Q 0-1